 Dungeon Crawl Stone Soup version 0.26.1-2-gb8aa6d0cf2 (webtiles) character file.

Game seed: 6501762953420117670

545805 Amaterasu the Minotaur Blade (level 25, -9/240 HPs)
             Began as a Minotaur Fighter on Feb 12, 2021.
             Was the Champion of the Shining One.
             Splashed by a lich's acid (15 damage)
             ... on level 3 of the Crypt on Feb 13, 2021.
             The game lasted 01:49:43 (64696 turns).

Amaterasu the Minotaur Blade (Minotaur Fighter)    Turns: 64696, Time: 01:49:43

Health: -9/240     AC: 53    Str: 34    XL:     25   Next: 40%
Magic:  25/25      EV: 11    Int:  5    God:    the Shining One [******]
Gold:   4016       SH: 50    Dex: 13    Spells: 24/24 levels left

rFire    + . .     SeeInvis +   Z - +9 double sword (vorpal)
rCold    . . .     Faith    .   T - +18 shield of the Gong {rElec rN+ Will+ EV-5}
rNeg     + + +     Spirit   .   F - +12 crystal plate armour of Space {rF+}
rPois    +         Reflect  +   K - +2 hat {SInv}
rElec    +         Harm     .   M - +2 cloak of the Komodo Dragon {+Inv rPois Dex-2}
rCorr    .         Rampage  +   m - +3 pair of gauntlets of War {Slay+5}
Will     +++..                  V - +2 pair of boots {rampage}
Stlth    ..........             s - amulet of reflection
HPRegen  0.50/turn              H - ring of willpower
MPRegen  0.19/turn              q - +6 ring of strength

@: divine shield, glowing, studying Fighting
A: retaliatory headbutt, horns 2, low mp 1
}: 2/15 runes: decaying, serpentine
a: Renounce Religion, Evoke Invisibility, Divine Shield, Cleansing Flame, Summon
Divine Warrior, Brand Weapon With Holy Wrath


You were on level 3 of the Crypt.
You worshipped the Shining One.
The Shining One was exalted by your worship.
You visited 10 branches of the dungeon, and saw 47 of its levels.
You also visited: Sewer, Ice Cave and Volcano.

You collected 7252 gold pieces.
You spent 3236 gold pieces at shops.

Inventory:

Hand Weapons
 Z - a +9 vorpal double sword (weapon)
Missiles
 u - 27 silver javelins (quivered)
Armour
 m - the +3 pair of gauntlets of War (worn) {Slay+5}
   (You bought it in a shop on level 3 of the Elven Halls)

   It affects your accuracy and damage with ranged weapons and melee attacks
   (+5).
 o - the +0 pair of gloves of the Evening Star {rN+ rCorr}
   (You bought it in a shop on level 2 of the Orcish Mines)

   It protects you from negative energy.
   It provides partial protection from all sources of acid and corrosion.
 E - the +0 pair of gloves "Muraaps" {Will++ Dex+3}
   (Okawaru gifted it to you on level 1 of the Elven Halls)

   It affects your dexterity (+3).
   It affects your willpower, your defense against some magical effects.
 F - the +12 crystal plate armour of Space (worn) {rF+}
   (Okawaru gifted it to you on level 3 of the Snake Pit)

   It protects you from fire.
 I - a +2 tower shield
 K - a +2 hat of see invisible (worn)
 M - the +2 cloak of the Komodo Dragon (worn) {+Inv rPois Dex-2}
   (You found it on level 2 of the Lair of Beasts)

   It affects your dexterity (-2).
   It protects you from poison.
   It lets you turn invisible.
 T - the +18 shield of the Gong (worn) {rElec rN+ Will+ EV-5}
   (You took it off a naga mage on level 3 of the Snake Pit)

   It affects your evasion (-5).
   It insulates you from electricity.
   It protects you from negative energy.
   It affects your willpower, your defense against some magical effects.
 V - a +2 pair of boots of rampaging (worn)
Jewellery
 l - an uncursed amulet of magic regeneration
 q - a +6 ring of strength (right hand)
 s - an amulet of reflection (around neck)
 w - an uncursed ring of protection from cold
 D - an uncursed ring of flight
 H - a ring of willpower (left hand)
 O - an uncursed ring of willpower
Wands
 y - a wand of iceblast (37)
 B - a wand of enslavement (45)
 J - a wand of polymorph (26)
 R - a wand of paralysis (45)
 Y - a wand of digging (11)
Scrolls
 a - 10 scrolls of immolation
 b - 4 scrolls of enchant armour
 d - 3 scrolls of blinking
 f - 23 scrolls of remove curse
 h - 7 scrolls of fog
 i - 25 scrolls of teleportation
 j - 9 scrolls of magic mapping
 r - 16 scrolls of amnesia
 z - 3 scrolls of enchant weapon
 A - 12 scrolls of fear
 C - 13 scrolls of identify
 W - 2 scrolls of summoning
Potions
 c - 7 potions of cancellation
 e - 9 potions of curing
 g - 5 potions of magic
 k - 12 potions of haste
 n - 7 potions of resistance
 p - 10 potions of lignification
 t - 2 potions of might
 v - 7 potions of attraction
 x - 4 potions of mutation
 L - 2 potions of berserk rage
 N - 5 potions of ambrosia
 Q - 4 potions of invisibility
 U - 4 potions of heal wounds
 X - 2 potions of brilliance
Books
 S - a manual of Fighting
Miscellaneous
 G - a tin of tremorstones (inert)


   Skills:
 * Level 22.4 Fighting
 * Level 22.6 Long Blades
 * Level 17.4 Throwing
 * Level 20.6 Armour
 * Level 16.5 Dodging
 * Level 21.8 Shields
 * Level 8.3 Invocations
 * Level 13.5 Evocations


You had 24 spell levels left.
You didn't know any spells.
Your spell library contained the following spells:

 Spells                   Type           Power        Failure   Level
 Animate Skeleton         Necr           0%           98%         1
 Corona                   Hex            0%           98%         1
 Freeze                   Ice            0%           98%         1
 Magic Dart               Conj           0%           98%         1
 Pain                     Necr           0%           98%         1
 Sandblast                Erth           0%           98%         1
 Sting                    Tmut/Pois      0%           98%         1
 Summon Small Mammal      Summ           0%           98%         1
 Blink                    Tloc           N/A          99%         2
 Call Imp                 Summ           0%           99%         2
 Corpse Rot               Necr/Air       N/A          99%         2
 Passwall                 Tmut/Erth      0%           99%         2
 Searing Ray              Conj           0%           99%         2
 Slow                     Hex            0%           99%         2
 Swiftness                Air            0%           99%         2
 Call Canine Familiar     Summ           0%           100%        3
 Confusing Touch          Hex            0%           100%        3
 Conjure Flame            Conj/Fire      0%           100%        3
 Dazzling Flash           Conj/Hex       0%           100%        3
 Frozen Ramparts          Ice            0%           100%        3
 Gell's Gravitas          Tloc           0%           100%        3
 Ignite Poison            Fire/Tmut/Pois 0%           100%        3
 Inner Flame              Hex/Fire       0%           100%        3
 Lesser Beckoning         Tloc           0%           100%        3
 Mephitic Cloud           Conj/Pois/Air  0%           100%        3
 Ozocubu's Armour         Ice            0%           100%        3
 Portal Projectile        Hex/Tloc       0%           100%        3
 Static Discharge         Conj/Air       0%           100%        3
 Stone Arrow              Conj/Erth      0%           100%        3
 Summon Guardian Golem    Hex/Summ       0%           100%        3
 Teleport Other           Tloc           0%           100%        3
 Vampiric Draining        Necr           0%           100%        3
 Animate Dead             Necr           0%           100%        4
 Cause Fear               Hex            0%           100%        4
 Fulminant Prism          Conj/Hex       0%           100%        4
 Hailstorm                Conj/Ice       0%           100%        4
 Iskenderun's Mystic Bla  Conj/Tloc      0%           100%        4
 Leda's Liquefaction      Hex/Erth       0%           100%        4
 Olgreb's Toxic Radiance  Pois           0%           100%        4
 Passage of Golubria      Tloc           N/A          100%        4
 Summon Ice Beast         Ice/Summ       0%           100%        4
 Summon Lightning Spire   Summ/Air       0%           100%        4
 Agony                    Necr           0%           100%        5
 Bolt of Magma            Conj/Fire/Erth 0%           100%        5
 Borgnjor's Vile Clutch   Necr/Erth      0%           100%        5
 Irradiate                Conj/Tmut      0%           100%        5
 Lee's Rapid Deconstruct  Erth           0%           100%        5
 Lightning Bolt           Conj/Air       0%           100%        5
 Silence                  Hex/Air        0%           100%        5
 Summon Demon             Summ           0%           100%        5
 Summon Forest            Summ/Tloc      0%           100%        5
 Summon Mana Viper        Hex/Summ       0%           100%        5
 Yara's Violent Unravell  Hex/Tmut       0%           100%        5
 Conjure Ball Lightning   Conj/Air       0%           100%        6
 Death Channel            Necr           0%           100%        6
 Eringya's Noxious Bog    Tmut/Pois      0%           100%        6
 Hydra Form               Tmut           0%           100%        6
 Invisibility             Hex            0%           100%        6
 Shadow Creatures         Summ           N/A          100%        6
 Simulacrum               Ice/Necr       0%           100%        6
 Statue Form              Tmut/Erth      0%           100%        6
 Dragon Form              Tmut           0%           100%        7
 Summon Hydra             Summ           0%           100%        7
 Discord                  Hex            0%           100%        8
 Ignition                 Fire           0%           100%        8
 Shatter                  Erth           0%           100%        9
 Tornado                  Air            0%           100%        9


Dungeon Overview and Level Annotations

Branches:
Dungeon (15/15)            Temple (1/1) D:4            Lair (6/6) D:9
  Swamp (4/4) Lair:2        Snake (4/4) Lair:3          Orc (2/2) D:11
    Elf (3/3) Orc:2        Vaults (4/5) D:14          Crypt (3/3) Vaults:3
 Depths (5/5) D:15            Zot (0/5) Depths:5      Sewer (visited)
  IceCv (visited)         Volcano (visited)
  Slime: Lair:5-6      Tomb: Crypt:3

Altars:
Ashenzari
Cheibriados
Dithmenos
Elyvilon
Fedhas
Gozag
Hepliaklqana
Kikubaaqudgha
Makhleb
Nemelex Xobeh
Okawaru
Qazlal
Ru
Sif Muna
Trog
Uskayaw
Vehumet
Wu Jian
Xom
Yredelemnul
Zin
The Shining One
Beogh

Shops:
D:4 *   D:6 :   D:7 !   D:9 (   Orc:2 !=?[?   Elf:3 !*(*=   Snake:1 }
Vaults:4 (   Depths:1 ((

Portals:
Hell: Lair:6 Depths:1 Depths:2 Depths:3 Depths:4 Depths:5
Abyss: Depths:2 Depths:3 Depths:4 Depths:5
Pandemonium: Depths:3
Ziggurat: Depths:3

Annotations:
D:13 1 runed translucent door, Onnywosoh's ghost, journeyman FoFi
Lair:2 exclusion: oklob plant
Lair:3 1 runed translucent door, Oluanan's ghost, journeyman DsFi
Lair:5 exclusion: oklob plant
Snake:3 exclusion: oklob plant
Vaults:4 exclusion: obsidian statue
Depths:2 exclusion: obsidian statue


Innate Abilities, Weirdness & Mutations

You reflexively headbutt those who attack you in melee.
You have a pair of horns on your head.
Your magical capacity is low. (-10% MP)


Message History

You slice the fire giant!!
You kill the fire giant!
That felt strangely unrewarding.
You rampage towards the iguana skeleton!
You slice the iguana skeleton!!
You destroy the iguana skeleton!
The Shining One accepts your kill.
You feel better.
You see here a bog body skeleton.
You see here a bog body skeleton.
A lich comes into view.
Things that are here:
a +0 robe; 30 gold pieces You see here a bog body skeleton.
You rampage towards the lich!
The lich gestures at you while chanting.
The bolt of acid hits you!
* * * LOW HITPOINT WARNING * * *
You are splashed with acid!
You die...

#Vz....# #.....$#
#......# #......#
#..#...# #L.....#
#......# #..#...#
#@.#...#
#########..#...#
.........รท.....#
........[......#
#####..........#
#.<##+###..# #..#
..# #..# .# #..#
#


You could see a lich.

Vanquished Creatures
  4 royal mummies
  Frederick (Crypt:1)
  Bai Suzhen (Vaults:2)
  6 caustic shrikes
  The ghost of mantisjm the Hoplite, a veteran HOFi of Qazlal (Vaults:3)
  5 golden dragons
  A bone dragon (Swamp:4)
  The ghost of theMacoje the Slayer, an adept OgEn of Okawaru (Vaults:2)
  Rupert (Lair:4)
  2 liches
  7 deep elf blademasters
  11 titans
  4 deep elf master archers
  5 sphinxes
  4 ancient champions
  A thorn hunter (Swamp:1)
  Gastronok (Lair:2)
  2 storm dragons
  2 revenants
  15 nagarajas
  A draconian monk (Depths:4)
  7 tengu reavers
  An azure jelly (shapeshifter) (D:15)
  A fenstrider witch (Swamp:4)
  11 frost giants
  11 vault wardens
  Louise (Snake:3)
  2 juggernaut zombies
  23 fire giants
  2 deep elf sorcerers (Elf:3)
  8 ghouls
  A caustic shrike zombie (Depths:2)
  4 iron dragons
  6 deep elf elementalists
  2 draconian annihilators (Depths:5)
  A spriggan defender (Depths:4)
  A draconian stormcaller (Depths:5)
  A war gargoyle (Vaults:4)
  10 ironheart preservers
  A juggernaut skeleton (Crypt:2)
  A reaper (Crypt:3)
  A green draconian (Crypt:3)
  13 vampire knights
  24 stone giants
  8 very ugly things
  9 deep elf demonologists
  2 purple draconians
  4 bunyips
  4 black draconians
  2 entropy weavers (Vaults:3)
  8 spark wasps
  2 yellow draconians
  9 deep elf annihilators
  6 ettins
  4 white draconians
  5 deep elf death magi
  6 eleionomae
  A merfolk javelineer (Depths:5)
  Snorg (Lair:5)
  4 eidola
  4 jiangshi
  9 deep elf high priests
  11 yaktaur captains
  17 fire dragons
  6 great orbs of eyes
  2 mummy priests (Crypt:1)
  23 naga warriors
  6 boulder beetles
  Harold (Lair:1)
  13 rakshasas
  A great orb of eyes (shapeshifter) (D:13)
  7 vault guards
  A catoblepas (Lair:4)
  3 ghost crabs
  20 hydras
  6 anacondas
  3 spriggan air magi
  11 ogre magi
  7 death knights
  14 ice dragons
  An anaconda (shapeshifter) (Vaults:4)
  27 two-headed ogres
  13 centaur warriors
  33 dancing weapons
  7 alligators
  9 deep troll earth magi
  10 deep troll shamans
  5 tengu warriors
  6 death yaks
  9 vampire magi
  Nergalle (Orc:1)
  7 shock serpents
  3 spriggan berserkers
  2 titan zombies (Depths:2)
  2 storm dragon zombies (Depths:2)
  20 naga sharpshooters
  7 spriggans
  26 deep elf knights
  Sonja (Orc:1)
  A soul eater (Crypt:2)
  4 sixfirhies
  30 hell knights
  26 skeletal warriors
  2 shadow wraiths
  2 death drakes (shapeshifter)
  23 deep trolls
  A death drake (Swamp:4)
  4 salamander mystics
  A golden dragon zombie (Depths:2)
  8 unseen horrors
  3 spriggan druids
  A deep troll (shapeshifter) (D:15)
  2 goliath frogs
  5 iron trolls
  An entropy weaver zombie (Crypt:1)
  A spark wasp zombie (Depths:4)
  4 swamp dragons
  12 wizards
  A bunyip skeleton (Crypt:1)
  14 bog bodies
  3 spectral hydras (Swamp:4)
  2 tengu zombies
  6 glowing orange brains
  10 flayed ghosts
  A swamp dragon (shapeshifter) (Elf:3)
  An orb spider (shapeshifter) (D:14)
  5 naga ritualists
  31 deep elf archers
  11 necromancers
  Pikel (D:7)
  A harpy (shapeshifter) (Vaults:2)
  71 deep elf magi
  13 phantasmal warriors
  11 ironbrand convokers
  12 orc knights
  7 harpies
  A manticore (D:14)
  9 orc sorcerers (Orc:2)
  9 wolf spiders
  2 will-o-the-wisps
  6 mana vipers
  A stone giant zombie (Crypt:2)
  44 ugly things
  A manticore (shapeshifter) (Depths:4)
  7 cyclopes
  9 elephants
  A salamander (shapeshifter) (Vaults:1)
  15 salamanders
  A frost giant zombie (Depths:2)
  5 guardian serpents
  21 black mambas
  Joseph (D:7)
  A shock serpent zombie (Crypt:2)
  Maurice (D:13)
  17 naga magi
  2 rust devils
  17 vault sentinels
  3 gargoyles
  5 toenail golems (Volcano)
  4 ice statues
  A smoke demon (Depths:2)
  2 frost giant skeletons
  5 orange demons
  2 torpor snails
  12 cane toads
  4 spriggan zombies (Depths:2)
  A rime drake (shapeshifter) (Vaults:1)
  2 swamp worm zombies (Swamp:4)
  A kobold demonologist (D:12)
  A yaktaur (shapeshifter) (Depths:4)
  7 rime drakes
  10 freezing wraiths
  12 komodo dragons
  52 yaktaurs
  3 hellwings
  An anaconda simulacrum (Crypt:2)
  2 efreet
  3 guardian mummies (Depths:2)
  4 ice devils
  11 trolls
  A queen bee (Lair:3)
  3 tengu conjurers
  5 tyrant leeches
  A wolf spider simulacrum (Crypt:2)
  A bloated husk (Swamp:4)
  5 red devils
  3 jumping spiders (Vaults:3)
  11 hornets
  3 hydra zombies (Swamp:4)
  5 polar bears
  8 blink frogs
  A harpy skeleton (D:14)
  A hornet (shapeshifter) (Depths:3)
  A jumping spider zombie (Crypt:2)
  5 alligator zombies (Swamp:4)
  67 slime creatures
  Grinder (D:6)
  2 spectral swamp dragons (Swamp:4)
  2 human simulacra
  An ettin zombie (Crypt:1)
  A fire dragon zombie (Crypt:1)
  A stone giant simulacrum (Crypt:2)
  A dream sheep (Lair:6)
  5 redbacks (Vaults:3)
  An ice dragon zombie (Crypt:1)
  A centaur simulacrum (D:12)
  A redback (shapeshifter) (Elf:3)
  2 shadows
  A fire giant simulacrum (Vaults:1)
  A spriggan (shapeshifter) (Depths:4)
  2 air elementals (Elf:2)
  A spriggan skeleton (Depths:2)
  5 water elementals
  A vampire (D:14)
  A ynoxinul (Depths:2)
  7 basilisks
  16 wraiths
  58 yaks
  A chaos spawn (Depths:2)
  4 fire bats (Depths:3)
  4 fire elementals
  3 wyverns
  A neqoxec (Depths:2)
  A steam dragon (D:12)
  A human (shapeshifter) (Depths:5)
  14 wargs
  8 vampire mosquitoes
  Edmund (D:6)
  55 nagas
  3 acid dragons
  19 swamp worms
  A warg (shapeshifter) (Vaults:4)
  A soldier ant (shapeshifter) (Depths:4)
  A cane toad zombie (Crypt:3)
  10 water moccasins
  A two-headed ogre zombie (Crypt:2)
  3 hell hounds (Lair:6)
  2 two-headed ogre skeletons
  A swamp drake (Swamp:1)
  A water nymph skeleton (Crypt:1)
  A floating eye (shapeshifter) (Depths:4)
  2 floating eyes (Depths:3)
  3 sky beasts
  A black bear (D:13)
  A human skeleton (Depths:2)
  4 swamp dragon zombies (Swamp:4)
  9 ice beasts
  4 necrophages
  16 orc warriors
  3 ettin simulacra
  32 ogres
  8 phantoms
  17 wolves
  21 boggarts
  22 centaurs
  An eye of draining (D:13)
  A centaur (shapeshifter) (Vaults:4)
  A hog zombie (Crypt:2)
  A rime drake zombie (Crypt:3)
  A lemure (D:6)
  A blink frog skeleton (Crypt:3)
  25 bullfrogs
  2 big kobolds
  Blork the orc (D:6)
  3 earth elementals
  A glowing shapeshifter simulacrum (Vaults:1)
  3 scorpions
  A wyvern skeleton (D:12)
  24 killer bees (Lair:3)
  5 wights (D:7)
  2 howler monkeys
  4 centaur zombies
  2 bullfrog zombies
  4 jellies
  2 quasits
  5 hounds
  8 orc priests
  39 orc wizards
  2 bullfrog skeletons
  9 centaur skeletons
  An iguana (shapeshifter) (Vaults:3)
  6 iguanas
  3 hell rats (D:9)
  A spectral swamp drake (Swamp:4)
  11 worker ants
  Terence (D:3)
  3 hound zombies
  13 mummies
  A howler monkey zombie (D:6)
  A worker ant zombie (D:10)
  4 gnolls (D:5)
  A scorpion zombie (Crypt:3)
  13 adders
  9 river rats
  A swamp drake zombie (Swamp:4)
  6 shadow imps
  A white imp (D:5)
  An ooze (D:6)
  An adder zombie (D:6)
  2 adder skeletons
  2 iguana skeletons
  3 worms
  A barachi zombie (Crypt:2)
  3 dart slugs
  6 leopard geckos
  93 orcs
  10 giant cockroaches
  9 goblins
  7 hobgoblins
  23 jackals
  16 kobolds
  9 quokkas
  A river rat zombie (Crypt:1)
  15 ball pythons
  8 bats
  3 frilled lizards
  A frilled lizard zombie (Crypt:1)
  A giant cockroach zombie (Crypt:3)
  A jackal skeleton (D:6)
  A leopard gecko skeleton (D:6)
  An orc skeleton (Crypt:3)
  31 rats
  A toadstool (Swamp:1)
2276 creatures vanquished.

Vanquished Creatures (others)
  A sphinx (Vaults:3)
  A fire giant (Depths:5)
  2 dancing weapons
  An alligator (Swamp:2)
  2 deep elf knights (Elf:2)
  A goliath frog (Swamp:4)
  A spectral hydra (Swamp:4)
  A swamp dragon (Swamp:4)
  A deep elf mage (Elf:2)
  A yaktaur (Depths:2)
  6 bloated husks (Swamp:4)
  A swamp worm (Swamp:1)
  A boggart (Depths:4)
  A quasit (Depths:3)
  4 foxfires (Swamp:4)
  18 fungi
  47 plants
  5 toadstools (Swamp:1)
95 creatures vanquished.

Grand Total: 2371 creatures vanquished

Notes
Turn   | Place    | Note
-------+----------+-------------------------------------------
     0 | D:1      | Amaterasu the Minotaur Fighter began the quest for the Orb.
     0 | D:1      | Reached XP level 1. HP: 19/19 MP: 0/0
   152 | D:1      | Reached XP level 2. HP: 27/27 MP: 1/1
   389 | D:1      | Reached XP level 3. HP: 34/34 MP: 2/2
  1100 | D:2      | Reached skill level 5 in Fighting
  1171 | D:2      | Found a shimmering blue altar of Sif Muna.
  1200 | D:2      | Found an iron altar of Okawaru.
  1212 | D:2      | Became a worshipper of Warmaster Okawaru
  1253 | D:2      | Reached XP level 4. HP: 37/42 MP: 3/3
  1397 | D:2      | Found a broken altar of Ashenzari.
  1442 | D:2      | Found a snail-covered altar of Cheibriados.
  1705 | D:2      | Found a stormy altar of Qazlal.
  2017 | D:3      | Found a faded altar of an unknown god.
  2077 | D:3      | Found a glowing drain.
  2079 | D:3      | Reached XP level 5. HP: 45/48 MP: 4/4
  2099 | Sewer    | Entered a sewer
  2141 | Sewer    | Reached skill level 5 in Long Blades
  2179 | Sewer    | Reached skill level 1 in Invocations
  2875 | Sewer    | Reached * piety under Okawaru
  2881 | Sewer    | Reached XP level 6. HP: 16/57 MP: 6/6
  3316 | D:3      | Found a bloodstained altar of Trog.
  3480 | D:3      | Noticed Terence
  3485 | D:3      | Killed Terence
  3833 | D:4      | Reached skill level 1 in Dodging
  3833 | D:4      | Reached XP level 7. HP: 35/63 MP: 8/8
  4118 | D:4      | Found a sparkling altar of Nemelex Xobeh.
  4220 | D:4      | Reached skill level 5 in Armour
  4236 | D:4      | Reached ** piety under Okawaru
  4687 | D:4      | Found Niuham's General Store.
  4693 | D:4      | Found a basalt altar of Yredelemnul.
  4718 | D:4      | Reached XP level 8. HP: 51/70 MP: 9/9
  4860 | D:4      | Found a staircase to the Ecumenical Temple.
  5092 | D:4      | Reached skill level 5 in Shields
  5394 | D:4      | Found a shadowy altar of Dithmenos.
  5445 | D:5      | Entered Level 5 of the Dungeon
  6227 | D:6      | Found a hide-covered altar of Uskayaw.
  6256 | D:6      | Noticed Edmund
  6257 | D:6      | Noticed Grinder
  6278 | D:6      | Killed Edmund
  6290 | D:6      | Paralysed by Grinder for 7 turns
  6299 | D:6      | Killed Grinder
  6299 | D:6      | Reached *** piety under Okawaru
  6300 | D:6      | Reached skill level 1 in Evocations
  6300 | D:6      | Reached XP level 9. HP: 69/78 MP: 10/10
  6352 | D:6      | Found an opulent altar of Gozag.
  6443 | D:6      | Noticed Blork the orc
  6449 | D:6      | Killed Blork the orc
  6530 | D:6      | Found a sacrificial altar of Ru.
  6642 | D:6      | Reached skill level 10 in Long Blades
  6751 | D:6      | Found Zup Pech's Book Shoppe.
  6762 | D:7      | Noticed Joseph
  7087 | D:7      | Noticed Pikel
  7113 | D:7      | Killed Pikel
  7113 | D:7      | Reached **** piety under Okawaru
  7189 | D:7      | Killed Joseph
  7249 | D:7      | Reached XP level 10. HP: 64/90 MP: 12/12
  7679 | D:7      | Found a bloodstained altar of Trog.
  7714 | D:7      | Found Quapysaw's Distillery.
  7959 | D:8      | Found a hazy altar of Hepliaklqana.
  7960 | D:8      | Found a shimmering altar of Xom.
  8798 | D:9      | Noticed a death yak
  8816 | D:9      | Noticed a death yak
  8819 | D:9      | Noticed a death yak
  8828 | D:9      | Killed a death yak
  8828 | D:9      | Reached ***** piety under Okawaru
  8837 | D:9      | HP: 2/91 [death yak (16)]
  8838 | D:9      | Killed a death yak
  8838 | D:9      | Received a gift from Okawaru
  8839 | D:9      | Reached skill level 10 in Fighting
  8839 | D:9      | Reached skill level 5 in Invocations
  8846 | D:9      | Killed a death yak
  9128 | D:9      | Received a gift from Okawaru
  9161 | D:9      | Reached XP level 11. HP: 50/101 MP: 13/13
  9528 | D:9      | Found a staircase to the Lair.
  9628 | D:9      | Found an ornate altar of the Wu Jian Council.
  9692 | D:9      | Found Tiwamia's Antique Weapon Shoppe.
  9695 | D:9      | Bought an ichor-stained long sword for 280 gold pieces
  9695 | D:9      | Identified the +6 long sword of Imbalance {venom, Str-4
                  | Dex+5} (You bought it in a shop on level 9 of the Dungeon)
  9945 | D:10     | Entered Level 10 of the Dungeon
 10240 | D:10     | You fall into a shaft and drop 2 floors!
 10518 | D:12     | Killed an unseen horror
 10910 | D:12     | Noticed a boulder beetle
 10925 | D:12     | Killed a boulder beetle
 11174 | D:12     | Noticed a green ugly thing
 11192 | D:12     | Killed a green ugly thing
 11611 | D:10     | Reached skill level 5 in Dodging
 11905 | D:10     | Found a shimmering altar of Xom.
 12210 | Lair:1   | Entered Level 1 of the Lair of Beasts
 12234 | Lair:1   | Reached skill level 5 in Evocations
 12464 | Lair:1   | Noticed a six-headed hydra
 12469 | Lair:1   | Killed a six-headed hydra
 12469 | Lair:1   | Received a gift from Okawaru
 12514 | Lair:1   | Reached ****** piety under Okawaru
 12523 | Lair:1   | Reached XP level 12. HP: 87/110 MP: 15/15
 12649 | Lair:1   | Got a translucent dagger
 12650 | Lair:1   | Identified the +7 dagger "Worm's Wrath" {vorpal, rElec
                  | Int+4} (You found it on level 1 of the Lair of Beasts)
 12689 | Lair:1   | Noticed Harold
 12703 | Lair:1   | Killed Harold
 13267 | Lair:2   | Noticed a seven-headed hydra
 13273 | Lair:2   | Killed a seven-headed hydra
 13382 | Lair:2   | Received a gift from Okawaru
 13702 | Lair:2   | Noticed Gastronok
 13716 | Lair:2   | Killed Gastronok
 13721 | Lair:2   | Got a translucent cloak
 13727 | Lair:2   | Identified the +2 cloak of the Komodo Dragon {+Inv rPois
                  | Dex-2} (You found it on level 2 of the Lair of Beasts)
 13836 | Lair:2   | Found a staircase to the Swamp.
 14579 | Lair:3   | Received a gift from Okawaru
 14585 | Lair:3   | Reached skill level 10 in Armour
 15099 | Lair:3   | Found a staircase to the Snake Pit.
 15111 | Lair:3   | Noticed a six-headed hydra
 15117 | Lair:3   | Killed a six-headed hydra
 15118 | Lair:3   | Reached XP level 13. HP: 111/118 MP: 17/17
 15154 | Lair:3   | Found a runed translucent door.
 15886 | Lair:3   | Noticed Oluanan's ghost (journeyman DsFi)
 16128 | Lair:4   | Noticed Rupert
 16152 | Lair:4   | Killed Rupert
 16152 | Lair:4   | Received a gift from Okawaru
 16153 | Lair:4   | Reached skill level 15 in Long Blades
 16153 | Lair:4   | Reached skill level 10 in Shields
 16522 | Lair:4   | Found a dark tunnel.
 16530 | Volcano  | Entered a volcano
 17019 | Lair:4   | Found a runed translucent door.
 17822 | Lair:4   | Got a transparent dagger
 17823 | Lair:4   | Lost intelligence.
 17823 | Lair:4   | Identified the +6 dagger "Buhid" {freeze, rC+ Will+++ Int-5
                  | Dex-4} (You found it on level 4 of the Lair of Beasts)
 18043 | Lair:5   | Noticed Snorg
 18062 | Lair:5   | Killed Snorg
 18069 | Lair:5   | Received a gift from Okawaru
 18349 | Lair:5   | Reached XP level 14. HP: 127/127 MP: 19/19
 18350 | Lair:5   | Got a crude plate armour
 18368 | Lair:5   | Identified the cursed +0 plate armour "Uwao" {+Fly rElec}
                  | (You found it on level 5 of the Lair of Beasts)
 18720 | Lair:6   | Entered Level 6 of the Lair of Beasts
 19935 | Lair:6   | Found a burning altar of Makhleb.
 20105 | Lair:6   | Found a gateway to Hell.
 20542 | Lair:6   | Received a gift from Okawaru
 21316 | D:11     | Received a gift from Okawaru
 21450 | D:11     | Found a staircase to the Orcish Mines.
 21950 | D:12     | Reached skill level 1 in Throwing
 22766 | D:12     | Paralysed by a hornet for 2 turns
 23137 | D:13     | Noticed Maurice
 23149 | D:13     | Killed Maurice
 23427 | D:13     | Reached XP level 15. HP: 130/137 MP: 20/20
 23568 | D:13     | Noticed Onnywosoh's ghost (journeyman FoFi)
 23573 | D:13     | Found a runed translucent door.
 24741 | D:14     | Received a gift from Okawaru
 25512 | D:14     | Found a gate to the Vaults.
 25606 | D:15     | Entered Level 15 of the Dungeon
 26724 | D:15     | Found a basalt altar of Yredelemnul.
 26995 | D:15     | Noticed a fire giant
 26999 | D:15     | Noticed a shadow dragon
 26999 | D:15     | a fire giant changed into a shadow dragon
 27180 | D:15     | Noticed an iron giant
 27183 | D:15     | Noticed an iron dragon
 27183 | D:15     | an iron giant changed into an iron dragon
 27190 | D:15     | Noticed an iron giant
 27190 | D:15     | an iron dragon changed into an iron giant
 27193 | D:15     | Noticed an iron dragon
 27193 | D:15     | an iron giant changed into an iron dragon
 27197 | D:15     | Noticed a golden dragon
 27197 | D:15     | an iron dragon changed into a golden dragon
 27210 | D:15     | Noticed an iron giant
 27210 | D:15     | a golden dragon changed into an iron giant
 27216 | D:15     | Noticed a sphinx
 27216 | D:15     | an iron giant changed into a sphinx
 27217 | D:15     | Noticed an azure jelly
 27217 | D:15     | a sphinx changed into an azure jelly
 27227 | D:15     | Killed an azure jelly
 27819 | D:15     | Received a gift from Okawaru
 27840 | D:15     | Found a staircase to the Depths.
 28045 | Orc:1    | Entered Level 1 of the Orcish Mines
 28236 | Orc:1    | Noticed Sonja
 28237 | Orc:1    | Noticed Nergalle
 28253 | Orc:1    | Killed Nergalle
 28261 | Orc:1    | Killed Sonja
 28775 | Orc:2    | Entered Level 2 of the Orcish Mines
 28852 | Orc:2    | Found Anererch's Magic Scroll Shop.
 28865 | Orc:2    | Found a gate leading to a gauntlet.
 28870 | Orc:2    | Found a frozen archway.
 28891 | IceCv    | Entered an ice cave
 29295 | IceCv    | Identified the +0 ice dragon scales "Nuupin" {rF- rC++
                  | Regen+ Dex+2 SInv Stlth-} (You found it in an ice cave)
 29724 | Orc:2    | Reached skill level 15 in Fighting
 29728 | Orc:2    | Reached XP level 16. HP: 94/149 MP: 19/21
 29797 | Orc:2    | Found a roughly hewn altar of Beogh.
 29851 | Orc:2    | Received a gift from Okawaru
 29960 | Orc:2    | Found Odycuan's Magic Scroll Emporium.
 29960 | Orc:2    | Found Dedov's Armour Boutique.
 29985 | Orc:2    | Bought a scroll of acquirement for 728 gold pieces
 29985 | Orc:2    | Acquired a +8 vorpal double sword
 29998 | Orc:2    | Bought the cursed +0 pair of gloves of the Evening Star
                  | {rN+ rCorr} for 311 gold pieces
 29998 | Orc:2    | Bought a +2 pair of boots of rampaging for 365 gold pieces
 30107 | Orc:2    | Found a staircase to the Elven Halls.
 30219 | Orc:2    | Gained mutation: Your magical capacity is low. (-10% MP) [a
                  | neqoxec]
 30311 | Orc:2    | Found Sankynysm's Jewellery Emporium.
 30311 | Orc:2    | Found Assoedd's Distillery.
 30683 | Swamp:1  | Entered Level 1 of the Swamp
 30698 | Swamp:1  | Noticed a thorn hunter
 30714 | Swamp:1  | Killed a thorn hunter
 32404 | Swamp:2  | Reached skill level 5 in Throwing
 32647 | Swamp:2  | Acquired a manual of Throwing
 33253 | Swamp:3  | Received a gift from Okawaru
 33254 | Swamp:3  | Reached skill level 10 in Dodging
 33579 | Swamp:4  | Entered Level 4 of the Swamp
 33880 | Swamp:4  | Received a gift from Okawaru
 33883 | Swamp:4  | HP: 6/151 [alligator zombie (15)]
 34294 | Swamp:4  | Received a gift from Okawaru
 35018 | Swamp:4  | Reached XP level 17. HP: 129/158 MP: 19/19
 35530 | Swamp:4  | Noticed a bone dragon
 35964 | Swamp:4  | Killed a bone dragon
 36272 | Swamp:4  | Got a decaying rune of Zot
 36450 | Snake:1  | Entered Level 1 of the Snake Pit
 37002 | Snake:1  | Reached skill level 10 in Evocations
 37081 | Snake:1  | Found Bezenebe's Gadget Shoppe.
 37123 | Snake:1  | Reached skill level 10 in Throwing
 38031 | Snake:2  | Received a gift from Okawaru
 38824 | Snake:3  | Received a gift from Okawaru
 38957 | Snake:3  | Received a gift from Okawaru
 38960 | Snake:3  | Identified the +12 crystal plate armour of Space {rF+}
                  | (Okawaru gifted it to you on level 3 of the Snake Pit)
 39364 | Snake:3  | Found a burning altar of Makhleb.
 39440 | Snake:3  | Noticed Louise
 39491 | Snake:3  | Killed Louise
 40421 | Snake:4  | Entered Level 4 of the Snake Pit
 40573 | Snake:4  | Reached skill level 15 in Shields
 40583 | Snake:4  | Reached XP level 18. HP: 104/168 MP: 15/20
 40634 | Snake:4  | Got a serpentine rune of Zot
 40641 | Snake:4  | Received a gift from Okawaru
 41051 | Snake:4  | Received a gift from Okawaru
 41240 | Snake:4  | Received a gift from Okawaru
 41613 | Snake:4  | Reached skill level 15 in Armour
 42658 | Vaults:1 | Entered Level 1 of the Vaults
 42871 | Vaults:1 | Received a gift from Okawaru
 42998 | Vaults:1 | Reached XP level 19. HP: 177/177 MP: 21/21
 43163 | Vaults:1 | Received a gift from Okawaru
 43324 | Vaults:1 | Found a hazy altar of Hepliaklqana.
 44094 | Vaults:2 | Noticed Bai Suzhen
 44108 | Vaults:2 | Killed Bai Suzhen
 44108 | Vaults:2 | Received a gift from Okawaru
 44266 | Vaults:2 | Received a gift from Okawaru
 44285 | Vaults:2 | Received a gift from Okawaru
 44307 | Vaults:2 | Received a gift from Okawaru
 45007 | Vaults:2 | Identified the cursed +0 leather armour "Ittinaoj" {Dex+4}
 45011 | Vaults:2 | Noticed a Tzitzimitl
 45487 | Vaults:2 | Found a runed translucent door.
 45747 | Vaults:2 | Noticed theMacoje's ghost (adept OgEn)
 45948 | Vaults:2 | Killed theMacoje's ghost
 45948 | Vaults:2 | Received a gift from Okawaru
 46092 | Vaults:3 | Reached XP level 20. HP: 161/187 MP: 22/22
 46343 | Vaults:3 | Found a runed translucent gate.
 46343 | Vaults:3 | Found a runed translucent gate.
 46343 | Vaults:3 | Found a runed translucent gate.
 46343 | Vaults:3 | Identified the +5 short sword "Xieblin" {vorpal, rN+ Str+2
                  | Int+2}
 46343 | Vaults:3 | Noticed mantisjm's ghost (veteran HOFi)
 46366 | Vaults:3 | Found a staircase to the Crypt.
 46550 | Vaults:3 | Killed mantisjm's ghost
 47125 | Vaults:3 | Received a gift from Okawaru
 47886 | Vaults:4 | Reached skill level 15 in Throwing
 47952 | Vaults:4 | Reached XP level 21. HP: 171/194 MP: 23/23
 48123 | Vaults:4 | Found Ruth's Weapon Emporium.
 48256 | Vaults:4 | Received a gift from Okawaru
 49295 | Elf:1    | Entered Level 1 of the Elven Halls
 49490 | Elf:1    | Received a gift from Okawaru
 49546 | Elf:1    | Identified the +0 pair of gloves "Muraaps" {Will++ Dex+3}
                  | (Okawaru gifted it to you on level 1 of the Elven Halls)
 50688 | Elf:2    | Found a runed translucent gate.
 50688 | Elf:2    | Found a runed translucent gate.
 50688 | Elf:2    | Found a runed translucent gate.
 51450 | Elf:3    | Entered Level 3 of the Elven Halls
 51450 | Elf:3    | Found Xonics's Weapon Shop.
 51820 | Elf:3    | Found Bautograra's Assorted Antiques.
 51834 | Elf:3    | Found Rioph's Distillery.
 51848 | Elf:3    | Bought a scroll labelled SIWNONKEZUM for 32 gold pieces
 51954 | Elf:3    | Found Butozir's Assorted Antiques.
 51975 | Elf:3    | Found Pidghur's Jewellery Boutique.
 52051 | Elf:3    | Received a gift from Okawaru
 52053 | Elf:3    | Identified the amulet "Leqiad" {Faith rElec rPois Dex-2
                  | SInv}
 52055 | Elf:3    | Reached XP level 22. HP: 155/204 MP: 24/24
 52724 | Elf:3    | Identified the Compendium of Ashen Feathers
 52748 | Elf:3    | Identified the Grimoire of Poisoning
 52759 | Elf:3    | Identified the +11 dagger of Wyrd {venom, *Slow rF+ rN+++
                  | Dex-2}
 52769 | Elf:3    | Identified the ring "Hofoyppou" {rPois rF- rN++ Will+
                  | Int+8} (You found it on level 3 of the Elven Halls)
 52933 | Elf:3    | Bought the +3 pair of gauntlets of War {Slay+5} for 1520
                  | gold pieces
 52933 | Elf:3    | Found the +3 pair of gauntlets of War {Slay+5}
 53665 | Depths:1 | Entered Level 1 of the Depths
 54056 | Depths:1 | Identified Xuuph's Guide on the Oath and the Blaze
 54441 | Depths:1 | Found Ruam's Weapon Shop.
 54449 | Depths:1 | Found Hall's Antique Weapon Boutique.
 54650 | Depths:2 | Received a gift from Okawaru
 54678 | Depths:2 | Received a gift from Okawaru
 55609 | Depths:2 | Found a one-way gate to the infinite horrors of the Abyss.
 55637 | Depths:2 | Found a burning altar of Makhleb.
 55814 | Depths:2 | Noticed a royal mummy
 55834 | Depths:2 | Killed a royal mummy
 55835 | Depths:2 | Reached XP level 23. HP: 111/215 MP: 25/25
 56561 | Depths:3 | Paralysed by a floating eye for 2 turns
 56659 | Depths:3 | Noticed a caustic shrike
 56665 | Depths:3 | Received a gift from Okawaru
 56665 | Depths:3 | Identified the +9 lajatang of Kikkor {speed, rN+ Dex+3}
 56668 | Depths:3 | Killed a caustic shrike
 57047 | Depths:3 | Received a gift from Okawaru
 57526 | Depths:3 | Found a one-way gate leading to the halls of Pandemonium.
 57653 | Depths:3 | Found a gateway to a ziggurat.
 57932 | Depths:4 | Reached skill level 15 in Dodging
 57932 | Depths:4 | Received a gift from Okawaru
 58499 | Depths:4 | Reached XP level 24. HP: 107/228 MP: 25/25
 59171 | Depths:4 | Identified the +9 plate armour "Najac" {-Tele Str+3 Slay+3}
                  | (You found it on level 4 of the Depths)
 59439 | Depths:5 | Entered Level 5 of the Depths
 59462 | Depths:5 | Received a gift from Okawaru
 59765 | Depths:5 | Acquired a manual of Fighting
 60512 | Depths:5 | Received a gift from Okawaru
 60988 | Depths:5 | Found a gate to the Realm of Zot.
 61477 | Temple   | Entered the Ecumenical Temple
 61548 | Temple   | Fell from the grace of Okawaru
 61548 | Temple   | Became a worshipper of the Shining One
 61972 | Crypt:1  | Entered Level 1 of the Crypt
 62003 | Crypt:1  | Reached * piety under the Shining One
 62053 | Crypt:1  | Reached ** piety under the Shining One
 62126 | Crypt:1  | Noticed Frederick
 62133 | Crypt:1  | Noticed a royal mummy
 62136 | Crypt:1  | Killed Frederick
 62144 | Crypt:1  | Killed a royal mummy
 62156 | Crypt:1  | Noticed a royal mummy
 62163 | Crypt:1  | Killed a royal mummy
 62167 | Crypt:1  | Noticed a royal mummy
 62179 | Crypt:1  | Killed a royal mummy
 62719 | Crypt:1  | Reached XP level 25. HP: 237/237 MP: 25/25
 62721 | Crypt:1  | Reached *** piety under the Shining One
 63323 | Crypt:1  | Found the +7 sceptre of Torment {pain, torment}
 63415 | Crypt:2  | Reached **** piety under the Shining One
 63484 | Crypt:2  | Reached ***** piety under the Shining One
 63664 | Crypt:2  | Reached ****** piety under the Shining One
 64016 | Crypt:2  | Found the +12 Vampire's Tooth {vamp}
 64411 | Crypt:3  | Entered Level 3 of the Crypt
 64696 | Crypt:3  | HP: 6/240 [lich/bolt of acid (17)]
 64696 | Crypt:3  | Splashed by a lich's acid

Illustrated notes

Levels and vault maps discovered:
D:1:      sevenhm_arrival_forest_fort_small_3, layout_loops_ring
D:2:      layout_rooms, lemuel_blue_sif_altar, marbit_many_paths,
          nicolae_overflow_hidden_temple, ashenzari_altar_1,
          okawaru_metal_pillars_1_2
D:3:      layout_loops_ring, general_overflow_altar, portal_sewer_entry_b,
          chequers_ecumenical_altar_island, kennysheep_generic_room_15,
          uniq_terence
D:4:      layout_basic, overflow_temple_1_default, grunt_dithmenos_shadows,
          nicolae_overflow_crystal_walls, minmay_temple_entry_waves,
          serial_shops, nicolae_shop_waterfront
D:5:      layout_rooms
D:6:      layout_rooms, lemuel_round_altar, kennysheep_mini, basic_altar,
          serial_shops, nicolae_shop_behind_doors, minmay_microvault,
          uniq_edmund, uniq_blork_the_orc, uniq_grinder
D:7:      layout_rooms, serial_shops, shop_statue, minivault_25,
          trog_three_pillars_becter, uniq_pikel, uniq_joseph
D:8:      layout_loops_corners, regret_index_temple_of_mockery
D:9:      layout_irregular_city, nzn_wu_jian_contemplation, dpeg_lair_monsters,
          serial_shops, nicolae_shop_behind_doors
D:10:     layout_gridville, basic_altar
D:11:     layout_cave_pools, minmay_orc_entry_guard_dogs
D:12:     layout_loops_corners, minmay_the_grid_2x2 [minmay_the_grid_dragon_b,
          minmay_the_grid_tiny_cups, minmay_the_grid_minigrid_medium,
          minmay_the_grid_prize_big_room]
D:13:     layout_roguey, serial_glass, glass_columns_b, glass_columns_a,
          glass_columns_a, glass_columns_c, glass_columns_c, glass_columns_a,
          hellmonk_ghost_happy_afterlife, uniq_maurice
D:14:     layout_rooms, hangedman_vaults_entry_quadrant_bands
D:15:     gammafunk_enter_depths_forms, layout_loops_ring, basic_altar,
          hex_medium, lemuel_nasty_fountain
Temple:   jpeg_temple_island
Lair:1:   layout_roguey, infiniplex_staircase_pool_2, grunt_megastairs_3,
          lemuel_fruit_tree, uniq_harold
Lair:2:   layout_gridlike, swamp_mist, serial_bayou_lagoon_a,
          minmay_lair_oklob_bushes, uniq_gastronok
Lair:3:   layout_concentric_octagons, dummy_snake_entry,
          ebering_ghost_reflecting_pool, special_room [special_room_bee]
Lair:4:   layout_cave_pods, lightli_volcano_entry_magma_tube, pf_torpor_hydra,
          grunt_megastairs_1, uniq_rupert
Lair:5:   layout_cave_shapes, minmay_slime_entry_oklob_open, uniq_snorg
Lair:6:   evil_forest, layout_cave_pods, grunt_megastairs_5
Swamp:1:  cheibrodos_swamp_tower_of_moss, layout_basic_swamp,
          evilmike_swamp_ruin_house_3, swamp_pool1
Swamp:2:  layout_basic_swamp, nicolae_swamp_orc_logging_accident, swamp_pool1,
          infiniplex_staircase_pool
Swamp:3:  layout_basic_swamp, hangedman_swamp_pad
Swamp:4:  swamp_pestilence, layout_basic_swamp
Snake:1:  layout_concentric_octagons, serial_shops, shop, dpeg_stationary_puzzle
Snake:2:  layout_grid_maze
Snake:3:  layout_cave_pods, nicolae_snake_single_loop, lemuel_oklob_altar,
          uniq_louise
Snake:4:  grunt_snake_rune_spirals, layout_onion, st_stairs_3, drop_trap,
          grunt_ministairs_5, nicolae_snake_linked_coils
Orc:1:    layout_caves, uniq_nergalle, uniq_sonja
Orc:2:    st_orc_town, layout_caves, gauntlet_entry_generic,
          portal_ice_cave_demonic_guard, guppyfry_orc_lava_fort
Elf:1:    minmay_elf_arrival_summoners, layout_gridlike,
          hangedman_elven_crosses_minicolossus, drop_trap
Elf:2:    layout_onion_city, due_unseen_surprise
Elf:3:    minmay_elf_hall_not_hex, layout_gridlike, serial_shops, shop, shop,
          nicolae_shop_behind_doors, nicolae_shop_window_shopping, shop,
          serial_sigils_hangedman_confine
Vaults:1: vaults_dpeg_spiral, hangedman_vaults_snaps, ontoclasm_vaults_spin,
          ontoclasm_vaults_pinch, grunt_vaults_bifocal,
          hangedman_vaults_stitches, vaults_room_pool,
          nicolae_vaults_network_square, nicolae_vaults_quartermaster,
          ontoclasm_vaults_eye, v_pattern_3, vaults_room_large_hall,
          layout_vaults_maze, basic_altar
Vaults:2: ebering_vaults_ghost_reflecting_pool, ontoclasm_vaults_shuriken,
          nicolae_vaults_alarming, ontoclasm_vaults_idyll,
          dpeg_vaults_monster_box, vaults_dpeg_hooks, layout_vaults_omnigrid,
          uniq_bai_suzhen
Vaults:3: gammafunk_vaults_ghost_tricky_traps, nicolae_vaults_murderbox,
          hangedman_vaults_capsules, grunt_vaults_swirl, v_misc_4,
          nicolae_vaults_puzzle_piece, v_alt_pattern_6,
          minmay_crypt_entry_simple_statues, nicolae_vaults_big_ls,
          vaults_room_hallway, layout_vaults_big_cross
Vaults:4: v_misc_4, vaults_room_hallway, vaults_room_grid,
          nicolae_vaults_hallways_thing, nicolae_vaults_network_star,
          nicolae_vaults_triangles, ontoclasm_vaults_hangar,
          nicolae_vaults_diagonal_hallway_9, vaults_room_pool, vaults_dpeg_ring,
          hangedman_vaults_slice, v_misc_19, nicolae_vaults_statue_guard,
          grunt_vaults_twisty, vaults_room_stairs_pillars, layout_vaults_ring,
          serial_shops, shop
Crypt:1:  minmay_guarded_unrand_sceptre_of_torment, layout_misc_corridors,
          minmay_misc_feat_five, uniq_frederick
Crypt:2:  layout_gridlike, minmay_guarded_unrand_vampires_tooth
Crypt:3:  church_of_pain_bobbens, layout_chaotic_city,
          nicolae_tomb_entry_unfolded_pyramid_orthogonal, corexii_hall_statues_l
Depths:1: layout_forbidden_donut, grunt_metal_band,
          hangedman_abyss_or_decor_jellyfish_corner, kennysheep_generic_room_14,
          roderic_lattice_octagonal_star, minmay_shoptagon
Depths:2: lemuel_minitomb, layout_honeycomb, hell_entry, abyss_entry,
          moated_statue, grunt_guarded_unrand_obsidian_axe,
          serial_bayou_shore_b, infiniplex_staircase_door_maze,
          serial_bayou_shore_a
Depths:3: hangedman_cross_veins, layout_basic, enter_ziggurat_e,
          grunt_hell_entry_dis_grunt, hangedman_abyss_entry_splay,
          hangedman_abyss_or_decor_clamps, grunt_pan_entry_spiral, minivault_21
Depths:4: hangedman_pleasuredromes, abyss_entry, hell_entry
Depths:5: grunt_zot_entry_pinwheel, layout_gridlike, abyss_entry, serial_sigils,
          serial_sigils_hangedman_clutch, serial_sigils_hangedman_shear,
          serial_sigils_hangedman_stare, serial_sigils_hangedman_shear,
          pf_hell_entry_tar_spiral, minmay_crystal_water

Skill      XL: |  1  2  3  4  5  6  7  8  9 10 11 12 13 14 15 16 17 18 19 20 21 22 23 24 25 |
---------------+----------------------------------------------------------------------------+-----
Fighting       | 4 5 6 8 10 11 12 13 15 16 17 18 19 21 22 | 22.4
Long Blades    | 3 4 5 6 7 9 11 12 13 14 15 16 17 18 19 20 21 22 | 22.6
Invocations    | 2 3 4 5 6 7 8 |  8.3
Armour         | 4 5 6 8 10 11 12 14 15 16 17 18 19 20 | 20.6
Dodging        | 1 2 4 5 6 7 8 9 10 11 12 13 14 15 16 | 16.5
Shields        | 4 6 7 9 11 13 14 15 16 17 18 20 21 | 21.8
Evocations     | 1 2 4 5 6 7 8 9 10 11 13 | 13.5
Throwing       | 1 4 7 10 15 16 17 | 17.4

Action                   |  1- 3 |  4- 6 |  7- 9 | 10-12 | 13-15 | 16-18 | 19-21 | 22-24 | 25-27 || total
-------------------------+-------+-------+-------+-------+-------+-------+-------+-------+-------++-------
Melee: Long sword        |    74 |   163 |   360 |   641 |  1390 |       |       |       |       ||  2628
       Headbutt          |    10 |    34 |    89 |   155 |   399 |   322 |   357 |   465 |   173 ||  2004
       Demon blade       |       |       |       |       |   201 |   104 |       |       |       ||   305
       Double sword      |       |       |       |       |       |  1379 |  1359 |  1358 |   514 ||  4610
Throw: Javelin           |       |       |       |       |       |     4 |       |     4 |       ||     8
Invok: Heroism           |       |       |     1 |     3 |    11 |     4 |     4 |     1 |       ||    24
       Finesse           |       |       |       |       |     4 |     1 |     1 |       |       ||     6
       Divine Shield     |       |       |       |       |       |       |       |       |     1 ||     1
Evoke: Wand              |       |       |       |    12 |    47 |     8 |    13 |     4 |       ||    84
       Tin of tremorston |       |       |       |       |     6 |     2 |     9 |     6 |     2 ||    25
       Condenser vane    |       |       |       |       |       |     3 |     6 |     6 |       ||    15
  Use: Scroll            |     4 |    11 |     5 |     3 |    18 |     8 |     8 |     9 |     2 ||    68
       Potion            |       |     7 |     3 |     4 |     1 |     5 |       |     2 |     1 ||    23
 Stab: Distracted        |       |       |       |       |     1 |     1 |       |       |       ||     2
       Paralysed         |       |       |       |       |     3 |       |       |     2 |       ||     5
Armor: Scale mail        |    31 |    72 |       |       |       |       |       |       |       ||   103
       Chain mail        |       |     2 |   140 |    35 |       |       |       |       |       ||   177
       Storm dragon scal |       |       |       |   157 |   591 |   378 |       |       |       ||  1126
       Crystal plate arm |       |       |       |       |       |   117 |   411 |   429 |   180 ||  1137
Dodge: Dodged            |    38 |    66 |    86 |   131 |   488 |   473 |   167 |   199 |    71 ||  1719
Block: Kite shield       |    49 |    99 |   172 |   274 |   599 |  1049 |  1486 |  1841 |   715 ||  6284
       Tower shield      |       |       |       |       |   464 |       |       |       |       ||   464
       Reflection        |       |       |       |       |       |       |     2 |   150 |    50 ||   202
       Rpst.: Long sword |     8 |    12 |    26 |    38 |    76 |       |       |       |       ||   160
       Demon blade       |       |       |       |       |     9 |     8 |       |       |       ||    17
       Double sword      |       |       |       |       |       |    64 |    34 |    32 |     6 ||   136
